TOP OF THE 1ST |
Washington Nationals batting - Pitching for Philadelphia Phillies : RHP Zack Wheeler
|
Pitching: RHP Zack Wheeler
|
|
Batting: LHB Robert Hassell III
|
0-0: Foul Ball, location: 2F 0-1: SINGLE (Groundball, 4, EV 103.1 MPH) (infield hit)
|
Batting: LHB Luis Garcia
|
0-0: SINGLE (Flyball, 9LS, EV 89.4 MPH) Robert Hassell III to second
|
Batting: SHB Keibert Ruiz
|
0-0: Called Strike 0-1: Ball 1-1: Ball 2-1: Grounds into double play, 3-6-1 (Groundball, 13, EV 86.9 MPH) Robert Hassell III to third
|
Batting: SHB Jeimer Candelario
|
0-0: Foul Ball, location: 2F 0-1: Ball 1-1: Foul Ball, location: 2RF 1-2: Ball 2-2: Foul Ball, location: 9LSFF 2-2: Strikes out swinging
|
Top of the 1st over - 0 runs, 2 hits, 0 errors, 1 left on base; Washington 0 - Philadelphia 0 |
BOTTOM OF THE 1ST |
Philadelphia Phillies batting - Pitching for Washington Nationals : LHP MacKenzie Gore
|
Pitching: LHP MacKenzie Gore
|
|
Batting: RHB Trea Turner
|
0-0: SINGLE (Groundball, 13, EV 87.5 MPH) (infield hit)
|
Batting: RHB Alec Bohm
|
0-0: Called Strike 0-1: Ball 1-1: Ground out 6-3 (Groundball, 6MS, EV 61.3 MPH) Trea Turner to second
|
Batting: LHB Darick Hall
|
0-0: Ball 1-0: Called Strike 1-1: Ball 2-1: Ground out 4-3 (Groundball, 4MS, EV 64.4 MPH) Trea Turner to third
|
Batting: RHB Nick Castellanos
|
0-0: Swinging Strike 0-1: Swinging Strike 0-2: Ball 1-2: Foul Ball, location: 7LSFF 1-2: Ball 2-2: Ball 3-2: Strikes out swinging
|
Bottom of the 1st over - 0 runs, 1 hit, 0 errors, 1 left on base; Washington 0 - Philadelphia 0 |
TOP OF THE 2ND |
Washington Nationals batting - Pitching for Philadelphia Phillies : RHP Zack Wheeler
|
Batting: LHB Dominic Smith
|
0-0: Swinging Strike 0-1: Called Strike 0-2: Foul Ball, location: 9LSF 0-2: Foul Ball, location: 2F 0-2: Strikes out swinging
|
Batting: RHB Alex Call
|
0-0: Called Strike 0-1: Ball 1-1: Ball 2-1: Ball 3-1: DOUBLE (Groundball, 5L, EV 103.1 MPH)
|
Batting: LHB Corey Dickerson
|
0-0: Called Strike 0-1: Fly out, F5 (Popup, 5L, EV 71.3 MPH)
|
Batting: RHB Lane Thomas
|
0-0: Ball 1-0: Foul Ball, location: 23FF 1-1: Ground out 4-3 (Groundball, 4, EV 83.1 MPH)
|
Top of the 2nd over - 0 runs, 1 hit, 0 errors, 1 left on base; Washington 0 - Philadelphia 0 |
BOTTOM OF THE 2ND |
Philadelphia Phillies batting - Pitching for Washington Nationals : LHP MacKenzie Gore
|
Batting: LHB Kyle Schwarber
|
0-0: SINGLE (Groundball, 4MD, EV 110.6 MPH)
|
Batting: RHB J.T. Realmuto
|
0-0: Called Strike 0-1: Called Strike 0-2: Ball 1-2: SINGLE (Line Drive, 78S, EV 108.8 MPH) Kyle Schwarber to second
|
Batting: LHB Vimael Machin
|
0-0: Called Strike 0-1: Ball 1-1: Fielders Choice at 2nd, 6-4 (Groundball, 6, EV 99.4 MPH) Kyle Schwarber to third
|
Batting: RHB Edmundo Sosa
|
0-0: Ball 1-0: TRIPLE (Flyball, 78XD, EV 95.6 MPH) Kyle Schwarber scores Vimael Machin scores
|
Batting: LHB Brandon Marsh
|
0-0: Ball 1-0: Ground out 4-3 (Groundball, 4, EV 103.8 MPH)
|
Batting: RHB Trea Turner
|
0-0: Called Strike 0-1: Foul Ball, location: 2F 0-2: Foul Ball, location: 2F 0-2: Ball 1-2: Fly out, F7 (Flyball, 7D, EV 81.9 MPH)
|
Bottom of the 2nd over - 2 runs, 3 hits, 0 errors, 1 left on base; Washington 0 - Philadelphia 2 |
TOP OF THE 3RD |
Washington Nationals batting - Pitching for Philadelphia Phillies : RHP Zack Wheeler
|
Batting: RHB Armando Cruz
|
0-0: Foul Ball, location: 3FF 0-1: Ball 1-1: Swinging Strike 1-2: Strikes out looking
|
Batting: LHB Robert Hassell III
|
0-0: Called Strike 0-1: Ball 1-1: Ball 2-1: Swinging Strike 2-2: Strikes out swinging
|
Batting: LHB Luis Garcia
|
0-0: Called Strike 0-1: Called Strike 0-2: Ball 1-2: Ground out 4-3 (Groundball, 34D, EV 106.3 MPH)
|
Top of the 3rd over - 0 runs, 0 hits, 0 errors, 0 left on base; Washington 0 - Philadelphia 2 |
BOTTOM OF THE 3RD |
Philadelphia Phillies batting - Pitching for Washington Nationals : LHP MacKenzie Gore
|
Batting: RHB Alec Bohm
|
0-0: Swinging Strike 0-1: Ball 1-1: Ball 2-1: Ball 3-1: Base on Balls
|
Batting: LHB Darick Hall
|
0-0: Foul Ball, location: 7LSF 0-1: Fly out, F5 (Popup, 56S, EV 78.8 MPH)
|
Batting: RHB Nick Castellanos
|
0-0: Ball Alec Bohm is caught stealing 2nd base 2-4 1-0: Called Strike 1-1: Fly out, F8 (Flyball, 8RD, EV 106.9 MPH)
|
Bottom of the 3rd over - 0 runs, 0 hits, 0 errors, 0 left on base; Washington 0 - Philadelphia 2 |
TOP OF THE 4TH |
Washington Nationals batting - Pitching for Philadelphia Phillies : RHP Zack Wheeler
|
Batting: SHB Keibert Ruiz
|
0-0: Called Strike 0-1: Foul Ball, location: 7LMF 0-2: Hit by Pitch
|
Batting: SHB Jeimer Candelario
|
0-0: Ball 1-0: Called Strike 1-1: Swinging Strike 1-2: Strikes out looking
|
Batting: LHB Dominic Smith
|
0-0: Grounds into double play, 4-6-3 (Groundball, 4, EV 78.8 MPH)
|
Top of the 4th over - 0 runs, 0 hits, 0 errors, 0 left on base; Washington 0 - Philadelphia 2 |
BOTTOM OF THE 4TH |
Philadelphia Phillies batting - Pitching for Washington Nationals : LHP MacKenzie Gore
|
Batting: LHB Kyle Schwarber
|
0-0: Foul Ball, location: 25F 0-1: Ball 1-1: Foul Ball, location: 7LMF 1-2: Ground out U3 (Groundball, 3L, EV 87.5 MPH)
|
Batting: RHB J.T. Realmuto
|
0-0: Fly out, F7 (Flyball, 7LMF, EV 105.6 MPH)
|
Batting: LHB Vimael Machin
|
0-0: Called Strike 0-1: Foul Ball, location: 23F 0-2: SINGLE (Line Drive, 7LS, EV 92.5 MPH)
|
Batting: RHB Edmundo Sosa
|
0-0: Called Strike 0-1: Called Strike 0-2: Ball 1-2: Foul Ball, location: 9LMF 1-2: Foul Ball, location: 3F 1-2: Ball 2-2: Fly out, F8 (Flyball, 8RXD, EV 106.9 MPH)
|
Bottom of the 4th over - 0 runs, 1 hit, 0 errors, 1 left on base; Washington 0 - Philadelphia 2 |
TOP OF THE 5TH |
Washington Nationals batting - Pitching for Philadelphia Phillies : RHP Zack Wheeler
|
Batting: RHB Alex Call
|
0-0: Swinging Strike 0-1: Ball 1-1: Foul Ball, location: 2F 1-2: Foul Ball, location: 2F 1-2: Strikes out swinging
|
Batting: LHB Corey Dickerson
|
0-0: Ball 1-0: Ball 2-0: Called Strike 2-1: SINGLE (Line Drive, 4MD, EV 110.0 MPH)
|
Batting: RHB Lane Thomas
|
0-0: Called Strike 0-1: Ball 1-1: Swinging Strike 1-2: Grounds into double play, 6-4-3 (Groundball, 6, EV 77.5 MPH)
|
Top of the 5th over - 0 runs, 1 hit, 0 errors, 0 left on base; Washington 0 - Philadelphia 2 |
BOTTOM OF THE 5TH |
Philadelphia Phillies batting - Pitching for Washington Nationals : LHP MacKenzie Gore
|
Batting: LHB Brandon Marsh
|
0-0: Ball 1-0: Called Strike 1-1: Ball 2-1: Ball 3-1: Foul Ball, location: 23FF 3-2: Ground out 4-3 (Groundball, 34, EV 105.6 MPH)
|
Batting: RHB Trea Turner
|
0-0: DOUBLE (Flyball, 8RXD, EV 103.8 MPH)
|
Batting: RHB Alec Bohm
|
0-0: Ball 1-0: Ball 2-0: Ball 3-0: Base on Balls
|
Batting: LHB Darick Hall
|
0-0: Foul Ball, location: 25FF 0-1: Ball 1-1: Ball 2-1: Foul Ball, location: 2F 2-2: Strikes out looking
|
Batting: RHB Nick Castellanos
|
0-0: Called Strike 0-1: Called Strike 0-2: Ball 1-2: Ball 2-2: Strikes out swinging
|
Bottom of the 5th over - 0 runs, 1 hit, 0 errors, 2 left on base; Washington 0 - Philadelphia 2 |
TOP OF THE 6TH |
Washington Nationals batting - Pitching for Philadelphia Phillies : RHP Zack Wheeler
|
Batting: RHB Armando Cruz
|
0-0: Called Strike 0-1: Ball 1-1: Foul Ball, location: 2F 1-2: Ball 2-2: Foul Ball, location: 9LSF 2-2: Strikes out swinging, 2-3 out at first.
|
Batting: LHB Robert Hassell III
|
0-0: Called Strike 0-1: Ball 1-1: Fly out, F9 (Flyball, 9S, EV 91.3 MPH)
|
Batting: LHB Luis Garcia
|
0-0: Foul Ball, location: 7LDF 0-1: Ball 1-1: Swinging Strike 1-2: Ball 2-2: Foul Ball, location: 25F 2-2: Foul Ball, location: 2F 2-2: Strikes out swinging
|
Top of the 6th over - 0 runs, 0 hits, 0 errors, 0 left on base; Washington 0 - Philadelphia 2 |
BOTTOM OF THE 6TH |
Philadelphia Phillies batting - Pitching for Washington Nationals : LHP MacKenzie Gore
|
Batting: LHB Kyle Schwarber
|
0-0: Ball 1-0: Swinging Strike 1-1: Ball 2-1: SINGLE (Line Drive, 3D, EV 95.6 MPH)
|
Batting: RHB J.T. Realmuto
|
0-0: Called Strike 0-1: Ball 1-1: Ball 2-1: Ball 3-1: Foul Ball, location: 5FF 3-2: Base on Balls Kyle Schwarber to second
|
Pitching: LHP Sam Weatherly
|
|
Batting: LHB Vimael Machin
|
0-0: Foul Ball, location: 23F 0-1: Ball 1-1: Ball 2-1: Ball 3-1: Called Strike 3-2: Base on Balls Kyle Schwarber to third J.T. Realmuto to second
|
Batting: RHB Edmundo Sosa
|
0-0: SINGLE (Line Drive, 3D, EV 105.6 MPH) Kyle Schwarber scores J.T. Realmuto to third Vimael Machin to second
|
Batting: LHB Brandon Marsh
|
0-0: Called Strike 0-1: Swinging Strike 0-2: Ball 1-2: Foul Ball, location: 9LMFF 1-2: Hit by Pitch J.T. Realmuto scores Vimael Machin to third Edmundo Sosa to second
|
Batting: RHB Trea Turner
|
0-0: Ball 1-0: Called Strike 1-1: Called Strike 1-2: Foul Ball, location: 2F 1-2: Foul Ball, location: 9LMF 1-2: Strikes out swinging
|
Batting: RHB Alec Bohm
|
0-0: Ball 1-0: Swinging Strike 1-1: Ball 2-1: Called Strike 2-2: Strikes out swinging
|
Batting: LHB Darick Hall
|
0-0: Called Strike 0-1: Ball 1-1: Ball 2-1: Swinging Strike 2-2: Strikes out swinging
|
Bottom of the 6th over - 2 runs, 2 hits, 0 errors, 3 left on base; Washington 0 - Philadelphia 4 |
TOP OF THE 7TH |
Washington Nationals batting - Pitching for Philadelphia Phillies : RHP Zack Wheeler
|
Batting: SHB Keibert Ruiz
|
0-0: Ball 1-0: Foul Ball, location: 2F 1-1: Ball 2-1: Ball 3-1: Fly out, F6 (Popup, 6MS, EV 68.1 MPH)
|
Batting: SHB Jeimer Candelario
|
0-0: Ball 1-0: Swinging Strike 1-1: Swinging Strike 1-2: Strikes out swinging
|
Batting: LHB Dominic Smith
|
0-0: Foul Ball, location: 7LMF 0-1: Foul Ball, location: 3FF 0-2: Ball 1-2: Strikes out swinging
|
Top of the 7th over - 0 runs, 0 hits, 0 errors, 0 left on base; Washington 0 - Philadelphia 4 |
BOTTOM OF THE 7TH |
Philadelphia Phillies batting - Pitching for Washington Nationals : LHP Sam Weatherly
|
Batting: RHB Nick Castellanos
|
0-0: Ball 1-0: Called Strike 1-1: Foul Ball, location: 2F 1-2: Ball 2-2: Foul Ball, location: 3FF 2-2: Foul Ball, location: 9LDF 2-2: SINGLE (Line Drive, 8RS, EV 102.5 MPH)
|
Pitching: RHP Dayeison Arias
|
|
Batting: LHB Kyle Schwarber
|
0-0: Ball 1-0: Ball 2-0: SINGLE (Groundball, 34D, EV 93.8 MPH) Nick Castellanos to second Runner from 2nd tries for 3rd, SAFE, no throw by RF
|
Batting: RHB J.T. Realmuto
|
0-0: Ball 1-0: Ball 2-0: Grounds into double play, 5-4-3 (Groundball, 56S, EV 83.1 MPH) Nick Castellanos scores
|
Batting: LHB Vimael Machin
|
0-0: Ball 1-0: Swinging Strike 1-1: Ball 2-1: Swinging Strike 2-2: Fly out, F9 (Line Drive, 9, EV 84.4 MPH)
|
Bottom of the 7th over - 1 run, 2 hits, 0 errors, 0 left on base; Washington 0 - Philadelphia 5 |
TOP OF THE 8TH |
Washington Nationals batting - Pitching for Philadelphia Phillies : RHP Zack Wheeler
|
Batting: RHB Alex Call
|
0-0: Foul Ball, location: 7LMF 0-1: Ball 1-1: Ball 2-1: Fly out, F9 (Flyball, 89M, EV 75.6 MPH)
|
Batting: LHB Corey Dickerson
|
0-0: Ball 1-0: Ground out 5-3 (Groundball, 56, EV 81.9 MPH)
|
Batting: RHB Lane Thomas
|
0-0: Ball 1-0: Foul Ball, location: 7LSF 1-1: Ball 2-1: Ground out 5-3 (Groundball, 56, EV 103.8 MPH)
|
Top of the 8th over - 0 runs, 0 hits, 0 errors, 0 left on base; Washington 0 - Philadelphia 5 |
BOTTOM OF THE 8TH |
Philadelphia Phillies batting - Pitching for Washington Nationals : RHP Dayeison Arias
|
Batting: RHB Edmundo Sosa
|
0-0: Fly out, F4 (Popup, 4, EV 52.5 MPH)
|
Batting: LHB Brandon Marsh
|
0-0: Called Strike 0-1: Ball 1-1: Ball 2-1: Foul Ball, location: 3F 2-2: Foul Ball, location: 2F 2-2: Strikes out swinging
|
Batting: RHB Trea Turner
|
0-0: Ball 1-0: Ball 2-0: Ball 3-0: Base on Balls
|
Batting: RHB Alec Bohm
|
0-0: Called Strike Trea Turner steals 2nd base 0-1: Ball 1-1: Swinging Strike 1-2: Ball 2-2: Foul Ball, location: 9LDF 2-2: SINGLE (Line Drive, 4MD, EV 96.9 MPH) Trea Turner to third Runner from 3rd tries for Home, throw by CF and OUT! 8-2
|
Bottom of the 8th over - 0 runs, 1 hit, 0 errors, 1 left on base; Washington 0 - Philadelphia 5 |
TOP OF THE 9TH |
Washington Nationals batting - Pitching for Philadelphia Phillies : RHP Zack Wheeler
|
Pinch Hitting: LHB Yadiel Hernandez
|
0-0: Foul Ball, location: 3DF 0-1: Foul Ball, location: 2LF 0-2: Ball 1-2: Foul Ball, location: 5FF 1-2: Ball 2-2: Foul Ball, location: 2F 2-2: Strikes out swinging
|
Batting: LHB Robert Hassell III
|
0-0: Foul Ball, location: 2F 0-1: Ball 1-1: Called Strike 1-2: Ball 2-2: Strikes out looking
|
Batting: LHB Luis Garcia
|
0-0: Ball 1-0: Called Strike 1-1: Ground out 1-3 (Groundball, 15S, EV 64.4 MPH)
|
Top of the 9th over - 0 runs, 0 hits, 0 errors, 0 left on base; Washington 0 - Philadelphia 5 |
|